 Dungeon Crawl Stone Soup version 0.28.0 (webtiles) character file.

Game seed: 16227086765036739606

53 mopl the Sneak (level 3, -4/26 HPs)
             Began as a Draconian Enchanter on Feb 12, 2022.
             Was an Initiate of Gozag.
             Slain by Robin (8 damage)
             ... on level 2 of the Dungeon.
             The game lasted 00:02:22 (1274 turns).

mopl the Sneak (Draconian Enchanter)                Turns: 1274, Time: 00:02:23

Health: -4/26      AC:  6    Str: 10    XL:     3   Next: 64%
Magic:  6/6        EV: 12    Int: 17    God:    Gozag
Gold:   76         SH:  0    Dex: 11    Spells: 1/6 levels left

rFire   . . .      SeeInvis .   a - +1 dagger
rCold   . . .      Faith    .   (no shield)
rNeg    . . .      Spirit   .   (armour unavailable)
rPois   .          Reflect  .   (helmet restricted)
rElec   .          Harm     .   (no cloak)
rCorr   .          Rampage  .   (no gloves)
Will    .....                   d - +0 pair of boots
Stlth   ++........              (no amulet)
HPRegen 0.08/turn               (no ring)
MPRegen 0.10/turn               (no ring)

@: invisible
A: AC +5, unfitting armour, cold-blooded
a: Renounce Religion, Potion Petition, Call Merchant, Bribe Branch


You were on level 2 of the Dungeon.
You worshipped Gozag.
Gozag was noncommittal.
You visited 1 branch of the dungeon, and saw 2 of its levels.

You collected 148 gold pieces.
You spent 72 gold pieces at shops.

Inventory:

Hand Weapons
 a - a +1 dagger (weapon)
Missiles
 l - 6 poisoned darts (quivered)
Armour
 d - a +0 pair of boots (worn)
Scrolls
 c - a scroll of noise {unknown}
 g - a scroll of fear {unknown}
 h - a scroll of summoning {unknown}
 j - 2 scrolls of identify {unknown}
 k - a scroll of holy word {unknown}
 m - a scroll of silence {unknown}
Potions
 e - 2 potions of curing
 f - a potion of berserk rage {unknown}
 i - a potion of cancellation {unknown}
 n - a potion of mutation {unknown}


   Skills:
 + Level 1.7 Short Blades
 - Level 1.7 Dodging
 + Level 3.1 Stealth
 + Level 2.4 Spellcasting
 + Level 3.1 Hexes
 + Level 0.9 Ice Magic


You had one spell level left.
You knew the following spells:

 Your Spells              Type           Power      Damage    Failure   Level
b - Ensorcelled Hibernat  Hex/Ice        18%        N/A       12%         2
c - Confusing Touch       Hex            12%        N/A       16%         3

Your spell library contained the following spells:

 Spells                   Type           Power      Damage    Failure   Level
 Tukima's Dance           Hex            12%        N/A       16%         3
 Dazzling Flash           Conj/Hex       14%        N/A       28%         3


Dungeon Overview and Level Annotations

Branches:
Dungeon (2/15)

Altars:
Gozag

Shops:
D:2 (![

Annotations:
D:2 Robin


Innate Abilities, Weirdness & Mutations

Your plain brown scales are hard. (AC +5)
You cannot fit into any form of body armour.
You are cold-blooded and may be slowed by cold attacks.


Message History

You hear a shout!
You barely miss the hobgoblin.
The hobgoblin is almost dead.
The hobgoblin closely misses you.
A goblin comes into view. It is wielding a +0 dagger.
You hit the hobgoblin.
You kill the hobgoblin!
Robin throws the goblin at you!
You closely miss the goblin. The goblin hits you with a +0 dagger.
You barely miss the goblin.
Your tail-slap misses the goblin.
The goblin hits you but does no damage.
You hit Robin. You tail-slap Robin.
Robin is moderately wounded.
The goblin hits you but does no damage. Robin completely misses you.
You hit Robin but do no damage.
Robin is moderately wounded.
The goblin closely misses you.
You hit Robin but do no damage. You tail-slap Robin, but do no damage.
Robin is moderately wounded.
Robin drinks a potion.
Robin seems to grow stronger.
You hit Robin but do no damage.
Robin is moderately wounded.
The goblin closely misses you. Robin hits you with a +0 falchion.
You are too injured to fight recklessly!
You are too injured to fight recklessly!
You are too injured to fight recklessly!
You are too injured to fight recklessly!
You are too injured to fight recklessly!
Unknown command.
You closely miss the goblin. The goblin hits you with a +0 dagger.
Robin hits you with a +0 falchion!
* * * LOW HITPOINT WARNING * * *
Unknown command.
Okay, then.
You fade into invisibility!
The kobold throws a stone.
The stone closely misses Robin.
The stone closely misses you. The goblin barely misses you.
Robin hits you with a +0 falchion!
You die...
Your body crumbles into a pile of gold.

.#######..#####..#..###
#.....## g.K..##..##
##.##....####.###...
#....#.#####..#..#...#.∩.#
###.
###.#..##....##.####...### #.
.#.....##.......# #....# #.
#....K.g..####### #.##.## #.
#............# #.##..## ##
##.......#####K######.###..###
.......### #gg@g....#.##...#
..#...# #####..##..####.#
.##...# ##......##..# #.####
.###### ####.>####.....#
#..... .# #....## #....#.#
###### .# ###...###.##...#
#... .# ###.....###..# #... .#
#######...#### #..# #... .#
#.......#..## #..# #...


You could see Robin (strong), 2 goblins and a kobold.

Vanquished Creatures
  An adder (D:2)
  A dart slug (D:1)
  5 ball pythons
  4 bats
  5 endoplasms
  5 goblins (D:2)
  6 hobgoblins
  2 jackals (D:1)
  A quokka (D:1)
  2 frilled lizards
  2 kobolds (D:1)
  3 rats
37 creatures vanquished.

Notes
Turn   | Place    | Note
-------+----------+-------------------------------------------
     0 | D:1      | mopl the Draconian Enchanter began the quest for the Orb.
     0 | D:1      | Reached XP level 1. HP: 14/14 MP: 3/3
   302 | D:1      | Reached XP level 2. HP: 15/20 MP: 5/5
   305 | D:1      | Learned a level 2 spell: Ensorcelled Hibernation
   426 | D:1      | Reached skill level 3 in Stealth
   683 | D:1      | Found a faded altar of an unknown god.
   694 | D:1      | Prayed at the altar of an unknown god.
   694 | D:1      | Became a worshipper of Gozag Ym Sagoz the Greedy
   851 | D:2      | Reached skill level 3 in Hexes
   924 | D:2      | Reached XP level 3. HP: 26/26 MP: 6/6
   970 | D:2      | Found Wyguixt's Weapon Emporium.
   978 | D:2      | Bought 6 poisoned darts for 24 gold pieces
  1067 | D:2      | Found Ycrivaor's Distillery.
  1069 | D:2      | Found Ewkat's Antique Armour Boutique.
  1091 | D:2      | Bought a potion of curing for 36 gold pieces
  1091 | D:2      | Bought a potion of degeneration for 12 gold pieces
  1167 | D:2      | Learned a level 3 spell: Confusing Touch
  1205 | D:2      | Noticed Robin
  1274 | D:2      | Slain by Robin

Illustrated notes

Levels and vault maps discovered:
D:1:      onia_arrival_pentagram, layout_loops_ring,
          dreamdust_ecumenical_altar_drowned_temple
D:2:      layout_rooms, serial_shops, shop, shop, shop_fountains, shop,
          uniq_robin

Skill      XL: |  1  2 |
---------------+-------+-----
Stealth        | 3 |  3.1
Hexes          | 3 |  3.1
Short Blades   | |  1.7
Dodging        | |  1.7
Spellcasting   | |  2.4
Ice Magic      | |  0.9

Action                   || total
-------------------------++-------
Melee: Dagger            ||   134
       Tailslap          ||    13
  Use: Potion            ||     1
 Stab: Sleeping          ||     7
Armor: Skin              ||    44
Dodge: Dodged            ||    90
